 Dungeon Crawl Stone Soup version bcrawl-1.28.5 (webtiles) character file.

Game seed: 11951071762721210985

378910 Anonimiaus the Fighter (level 11, -7/83 HPs)
             Began as a Fairy Archaeologist on Jan 25, 2021.
             Was an Elder of Vehumet.
             Mangled by a red draconian
             ... wielding a +2 flail of flaming
              (10 damage)
             ... in a volcano.
             The game lasted 00:26:17 (8522 turns).

Anonimiaus the Fighter (Fairy Archaeologist)        Turns: 8522, Time: 00:26:17

Health: -7/83      AC:  9    Str: 10    XL:     11   Next: 25%
Magic:  13/13      EV: 17    Int: 19    God:    Vehumet [****..]
Gold:   697        SH:  6    Dex: 12    Spells: 10/10 levels left

rFire    . . .     SeeInvis .   g - +4 lajatang (speed)
rCold    . . .     Gourm    .   (shield currently unavailable)
rNeg     . . .     Faith    .   (armour unavailable)
rPois    .         Spirit   .   c - +1 hat
rElec    .         Reflect  .   (no cloak)
rCorr    +         Harm     .   (no gloves)
MR       +....                  d - +1 pair of boots
Stlth    +.........             (no amulet)
HPRegen  0.23/turn              k - ring of resist corrosion
MPRegen  0.13/turn              (no ring)

@: flying evasively, very slightly contaminated, invisible
A: small, magic attunement, unstealthy, unfitting armour, able to fly, AC/SH +6
a: Stop Flying, Renounce Religion


You were in a volcano.
You worshipped Vehumet.
Vehumet was greatly pleased with you.
You were very hungry.

You visited 3 branches of the dungeon, and saw 10 of its levels.
You also visited: Sewer and Volcano.

You collected 697 gold pieces.

Inventory:

Hand Weapons
 a - a +0 whip of pain
 g - a +4 lajatang of speed (weapon)
 p - a +1 dagger of protection
Missiles
 i - 2027 stones (quivered)
 s - 44 poisoned needles
Armour
 c - a +1 hat (worn)
 d - a +1 pair of boots (worn)
Magical Staves
 r - an uncursed staff of death
 C - an uncursed staff of power
Jewellery
 k - a ring of resist corrosion (left hand)
Wands
 l - a wand of flame (18)
 x - a wand of enslavement (8)
 y - a wand of acid (14)
Scrolls
 b - 3 scrolls of fog
 f - a scroll of magic mapping
 j - 9 scrolls of teleportation
 m - 4 scrolls of remove curse
 n - a scroll of immolation
 u - 2 scrolls of fear
 v - a scroll of enchant armour {unknown}
 z - a scroll of blinking
Potions
 h - 2 potions of brilliance
 o - 3 potions of heal wounds
 q - a potion of ambrosia
 t - a potion of cancellation
 w - a potion of resistance
Comestibles
 e - 10 rations {!d}


   Skills:
 + Level 11.4 Fighting
 - Level 0.7(6.1) Maces & Flails
 + Level 10.6 Staves
 - Level 4.0 Dodging
 - Level 2.4 Stealth
 - Level 0.8 Evocations


You had 10 spell levels left.
You didn't know any spells.
Your spell library was empty.

Dungeon Overview and Level Annotations

Branches:
Dungeon (8/12)             Temple (1/1) D:4            Lair (1/6) D:8
    Orc: D:8-11

Altars:
Cheibriados
Dithmenos
Elyvilon
Fedhas
Gozag
Hepliaklqana
Kikubaaqudgha
Lugonu
Makhleb
Nemelex Xobeh
Okawaru
Qazlal
Ru
Sif Muna
Trog
Uskayaw
Vehumet
Xom
Yredelemnul
Zin

Shops:
D:6 [

Annotations:
D:7 4 transporters, zzzzzzzz's ghost, novice DrAE


Innate Abilities, Weirdness & Mutations

Your spells do not cause hunger and MP costs are reduced by 1.
Your bright wings attract enemies. (Stealth-)
You cannot fit into any form of body armour.
Your shimmering scales are hard and can block incoming attacks. (AC +6, SH +6)
You are small and have problems with some larger weapons.
You can fly continuously.


Message History

The yaktaur shoots a bolt.
You slash the centaur!
The centaur is heavily wounded.
The centaur misses you.
You catch the helpless centaur completely off-guard!
You hit the centaur.
The centaur is heavily wounded.
You block the centaur's attack.
You slash the centaur!
You kill the centaur!
Vehumet accepts your kill.
The yaktaur shoots a bolt.
The bolt closely misses the red draconian.
The bolt hits you!!
* * * LOW HITPOINT WARNING * * *
The bolt burns you!
* * * LOW HITPOINT WARNING * * *
The centaur closely misses you.
The red draconian hits you with a +2 flail of flaming!
You die...

##≈§§≈≈≈≈≈≈###
####≈≈≈≈§§§§§§≈≈###
##≈≈≈§≈#######≈≈≈≈§#
##≈≈§§###[$!!)###≈§§##
#§≈≈§##.#.).$.#.##≈≈§#
##§§≈≈#..'.!.!.'..#≈≈≈##
##≈≈≈≈##c.'.._..'..##≈≈§#
##≈≈≈≈≈#.d.#.....#...#≈≈≈§
#§≈§≈≈≈#c@.#######...#°≈≈§
#§≈§≈≈≈#...)[[.!$+...#≈≈°≈
###≈≈§§#...#..≈..#...#○§§°
##§≈≈#...#8≈≈≈8#...#§≈≈°
#§≈≈§##..+..≈..+..##§°≈°
#≈≈≈≈≈#..+.....+..#°≈≈☼☼
##≈≈≈§##.#8...8# ##≈≈≈≈#
##≈§≈≈###....§###§≈§§##
###≈≈§≈§.....§≈§§§§##


You could see a red draconian, a yaktaur and a centaur.

Vanquished Creatures
  A centaur warrior (D:6)
  A centaur zombie (D:8)
  A cane toad (Lair:1)
  2 yaktaurs (Volcano)
  Grinder (D:5)
  A troll (D:6)
  2 hippogriffs
  Sigmund (D:4)
  6 yaks (D:8)
  Eustachio (D:5)
  Edmund (D:5)
  3 crocodiles
  3 porcupines
  2 water moccasins
  An orc warrior (D:7)
  3 ice beasts
  3 sky beasts
  3 black bears
  A necrophage (D:8)
  An ogre (D:8)
  4 centaurs
  2 big kobolds
  9 bullfrogs
  Blork the orc (D:6)
  2 scorpions
  3 howler monkeys (D:8)
  4 crimson imps
  A jelly (D:8)
  3 bullfrog zombies
  A gnoll shaman (D:4)
  2 orc priests (D:7)
  A bullfrog skeleton (D:7)
  2 iguanas
  Jessica (D:2)
  5 orc wizards
  4 worker ants
  2 hound skeletons
  A worker ant zombie (D:5)
  Robin (D:4)
  8 adders
  5 gnolls (D:4)
  A river rat (D:5)
  A shadow imp (D:5)
  2 oozes
  An adder zombie (D:8)
  An adder skeleton (D:4)
  3 worms
  4 dart slugs
  7 leopard geckos
  23 orcs
  6 bats
  8 giant cockroaches
  11 goblins
  10 hobgoblins
  5 jackals
  16 kobolds
  7 quokkas
  2 ball pythons (Sewer)
  6 frilled lizards
  A jackal skeleton (D:4)
  6 rats
  A fungus (D:8)
222 creatures vanquished.

Vanquished Creatures (others)
  A centaur warrior (Volcano)
  4 fungi (D:8)
  2 plants (D:8)
  5 toadstools (D:7)
12 creatures vanquished.

Grand Total: 234 creatures vanquished

Notes
Turn   | Place    | Note
-------+----------+-------------------------------------------
     0 | D:1      | Anonimiaus the Fairy Archaeologist began the quest for the
                  | Orb.
     0 | D:1      | Reached XP level 1. HP: 12/12 MP: 3/3
    68 | D:1      | Reached skill level 1 in Fighting
   222 | D:1      | Reached XP level 2. HP: 19/19 MP: 4/4
   227 | D:1      | Reached skill level 2 in Fighting
   520 | D:1      | Reached XP level 3. HP: 21/25 MP: 5/5
  1005 | D:2      | Reached skill level 3 in Fighting
  1350 | D:2      | Reached XP level 4. HP: 16/31 MP: 6/6
  1730 | D:2      | Found an opulent altar of Gozag.
  1938 | D:3      | Noticed Jessica
  1948 | D:2      | Killed Jessica
  2008 | D:3      | Reached skill level 4 in Fighting
  2139 | D:3      | Noticed a phantom
  2505 | D:3      | Reached XP level 5. HP: 31/37 MP: 7/7
  2505 | D:3      | Identified a scroll of acquirement
  2505 | D:3      | Identified the ring "Buyfo" {rElec rF+ MR- Int+6 Slay+4}
                  | (You acquired it on level 3 of the Dungeon)
  2543 | D:3      | Found a snail-covered altar of Cheibriados.
  2807 | D:4      | Reached skill level 1 in Staves
  2980 | D:4      | Found a corrupted altar of Lugonu.
  3023 | D:4      | Reached XP level 6. HP: 43/45 MP: 8/8
  3026 | D:4      | Found a staircase to the Ecumenical Temple.
  3026 | D:4      | Noticed Sigmund
  3064 | D:4      | Killed Sigmund
  3065 | D:4      | Reached skill level 5 in Fighting
  3264 | Temple   | Entered the Ecumenical Temple
  3499 | Temple   | Became a worshipper of Vehumet
  3543 | D:4      | Reached XP level 7. HP: 48/50 MP: 9/9
  3628 | D:4      | Noticed Robin
  3636 | D:4      | Killed Robin
  3849 | D:5      | Entered Level 5 of the Dungeon
  3871 | D:5      | Found a glowing drain.
  3872 | D:5      | Noticed Eustachio
  3881 | Sewer    | Entered a sewer
  3911 | Sewer    | Reached * piety under Vehumet
  3911 | Sewer    | Offered knowledge of Freeze by Vehumet.
  3972 | Sewer    | Reached skill level 6 in Fighting
  4149 | D:5      | Killed Eustachio
  4159 | D:5      | Reached XP level 8. HP: 32/58 MP: 10/10
  4362 | D:5      | Noticed Grinder
  4368 | D:5      | Paralysed by Grinder for 4 turns
  4393 | D:5      | Killed Grinder
  4394 | D:5      | Reached skill level 7 in Fighting
  4394 | D:5      | Reached skill level 5 in Staves
  4509 | D:5      | Found a shadowy altar of Dithmenos.
  4890 | D:5      | Noticed Edmund
  4907 | D:5      | Killed Edmund
  5073 | D:5      | Reached XP level 9. HP: 56/66 MP: 11/11
  5283 | D:6      | Reached ** piety under Vehumet
  5283 | D:6      | Offered knowledge of Shock by Vehumet.
  5298 | D:6      | Found a stormy altar of Qazlal.
  5304 | D:6      | Noticed Blork the orc
  5314 | D:6      | Killed Blork the orc
  5377 | D:6      | Noticed a troll
  5382 | D:6      | Killed a troll
  5383 | D:6      | Reached skill level 8 in Fighting
  5465 | D:6      | Found Oxorchoki's Antique Armour Shop.
  5825 | D:6      | Noticed a centaur warrior
  5842 | D:6      | Killed a centaur warrior
  5843 | D:6      | Reached skill level 9 in Fighting
  6097 | D:7      | Reached XP level 10. HP: 69/74 MP: 12/12
  6115 | D:7      | Found a transporter.
  6382 | D:6      | Offered knowledge of Ignite Poison by Vehumet.
  6542 | D:7      | Reached *** piety under Vehumet
  6693 | D:7      | Noticed a kobold demonologist
  6700 | D:7      | Found a transporter.
  6722 | D:7      | Noticed zzzzzzzz's ghost (novice DrAE)
  6723 | D:7      | Found a transporter.
  6724 | D:7      | Noticed a two-headed ogre
  6726 | D:7      | Found a transporter.
  6916 | D:7      | Found a shimmering blue altar of Sif Muna.
  7042 | D:7      | Reached skill level 10 in Fighting
  7362 | D:8      | Found a staircase to the Lair.
  7437 | D:8      | Offered knowledge of Inner Flame by Vehumet.
  7629 | D:8      | Found a white marble altar of Elyvilon.
  7635 | D:8      | Reached **** piety under Vehumet
  7636 | D:8      | Reached skill level 10 in Staves
  7722 | D:8      | Found the +6 lightning scales {run, rElec}
  7738 | D:8      | Reached skill level 11 in Fighting
  7738 | D:8      | Reached XP level 11. HP: 68/83 MP: 13/13
  8138 | Lair:1   | Entered Level 1 of the Lair of Beasts
  8425 | Lair:1   | Found a dark tunnel.
  8434 | Volcano  | Entered a volcano
  8472 | Volcano  | Found a burning altar of Makhleb.
  8472 | Volcano  | Noticed a red draconian
  8480 | Volcano  | Noticed a centaur warrior
  8513 | Volcano  | Killed a centaur warrior
  8522 | Volcano  | HP: 3/83 [yaktaur/bolt (8)]
  8522 | Volcano  | Mangled by a red draconian

Skill      XL: |  1  2  3  4  5  6  7  8  9 10 |
---------------+-------------------------------+-----
Fighting       | 1 2 3 4 5 6 7 9 11 | 11.4
Staves         | 2 3 4 6 8 10 | 10.6
Maces & Flails | |  0.7
Dodging        | |  4.0
Stealth        | |  2.4
Evocations     | |  0.8

Action                   |  1- 3 |  4- 6 |  7- 9 | 10-12 || total
-------------------------+-------+-------+-------+-------++-------
Melee: Whip              |   184 |    49 |       |       ||   233
       Dagger            |       |    89 |       |       ||    89
       Lajatang          |       |    57 |   253 |   295 ||   605
 Fire: Blowgun           |     2 |     4 |       |       ||     6
Throw: Stone             |     6 |    33 |     2 |     1 ||    42
Evoke: Wand              |       |       |       |     1 ||     1
  Use: Potion            |     1 |       |       |     3 ||     4
       Scroll            |       |     1 |    13 |     2 ||    16
 Stab: Sleeping          |       |       |     1 |       ||     1
       Invisible         |       |       |       |     1 ||     1
  Eat: Chunk             |     6 |    13 |    13 |    11 ||    43
Armor: Skin              |    28 |    40 |    40 |    53 ||   161
Dodge: Dodged            |   144 |   109 |   184 |   199 ||   636
Block: Other             |    35 |    24 |    56 |    65 ||   180
